[Event "Wednesday Apr 25 Engine Tour 9 rd Swiss 12m+1s Starts at 1600hrs"]
[Site "Infinity Chess"]
[Date "2018.4.25"]
[Round "3"]
[White "Marsell"]
[Black "Murx"]
[Result "1/2-1/2"]
[ECO "C53"]
[WhiteElo "2473"]
[BlackElo "2535"]
[WhiteEngine "BrainFish_180418_x64_bmi2"]
[BlackEngine "asmFishW_2018-04-07_popcnt"]
[EventType "Swiss"]
[WhiteTeam ""]
[BlackTeam ""]
[PlyCount "163"]
[TimeControl "720+1"]

1. e4 e5 2. Nf3 Nc6 3. Bc4 Bc5 4. c3 Nf6 5. d3 d6 6. O-O a5 7. Bg5 h6 8. Bh4 O-O 
9. a4 g5 10. Bg3 Ba7 11. Na3 Ne7 12. Re1 Nh5 13. Nc2 Nf4 14. Bxf4 gxf4 
15. d4 Ng6 16. Re2 Bg4 17. Rd2 Re8 18. Nce1 Qf6 19. h3 Bh5 20. Qb3 Bb6 
21. Rad1 Rab8 22. Qc2 exd4 23. cxd4 Re7 24. Bd5 c6 25. Ba2 Kh8 26. Kf1 Qg7 
27. Bc4 Rbe8 28. Qb3 Ba7 29. Qc3 Bb6 30. Qb3 Bd8 31. Bd3 Rc7 32. Qc3 Ne7 
33. d5 Qxc3 34. bxc3 cxd5 35. Bb5 Rg8 36. c4 dxe4 37. Rxd6 Kg7 38. Rxd8 Rxd8 
39. Rxd8 exf3 40. Nxf3 Bxf3 41. gxf3 h5 42. Ra8 Ng6 43. Rxa5 Ne5 44. Kg2 Kf6 
45. Ra7 Nxc4 46. Bxc4 Rxc4 47. Rxb7 Rxa4 48. h4 Kg6 49. Rb6+ Kf5 50. Rh6 f6 
51. Rxh5+ Kg6 52. Rc5 f5 53. Rb5 Rd4 54. Rb1 Kh5 55. Ra1 Kxh4 56. Rh1+ Kg5 
57. Ra1 Rd8 58. Ra5 Rd1 59. Ra8 Rd6 60. Rg8+ Kh4 61. Rb8 Rg6+ 62. Kf1 Ra6 
63. Rh8+ Kg5 64. Rg8+ Kf6 65. Rf8+ Ke5 66. Re8+ Kd4 67. Rd8+ Kc3 68. Rd5 Ra2 
69. Rxf5 Kd4 70. Kg2 Ra3 71. Rxf4+ Ke5 72. Rh4 Ra1 73. Rh1 Ra2 74. Kg3 Kf5 
75. Rh5+ Kg6 76. Rb5 Ra1 77. f4 Rc1 78. Rb6+ Kf5 79. Rb5+ Kf6 80. Kg4 Rg1+ 
81. Kf3 Ra1 82. Rb6+ 1/2-1/2

[Event "Wednesday Apr 25 Engine Tour 9 rd Swiss 12m+1s Starts at 1600hrs"]
[Site "Infinity Chess"]
[Date "2018.4.25"]
[Round "2"]
[White "Thinker"]
[Black "gmmarolideus"]
[Result "1/2-1/2 "]
[ECO "C16"]
[WhiteElo "2461"]
[BlackElo "2256"]
[WhiteEngine "BrainFish_180418_x64_modern_CTG"]
[BlackEngine "asmFishW_2018-04-07_popcnt_CTG"]
[EventType "Swiss"]
[WhiteTeam ""]
[BlackTeam ""]
[PlyCount "220"]
[TimeControl "720+1"]

1. e4 e6 2. d4 d5 3. Nc3 Bb4 4. e5 Ne7 5. a3 Bxc3+ 6. bxc3 c5 7. Qg4 O-O 
8. Bd3 f5 9. exf6 Rxf6 10. Bg5 Rf7 11. Qh5 g6 12. Qd1 Nbc6 13. Nf3 Qa5 
14. Qd2 c4 15. Be2 Nf5 16. Ne5 Nxe5 17. dxe5 h6 18. Bf6 Kh7 19. f4 Nd6 
20. Bf3 Ne8 21. Bh4 Bd7 22. O-O Ng7 23. g4 Raf8 24. Bg2 b6 25. a4 Bc6 
26. Kh1 Ne8 27. h3 Ng7 28. Kh2 Bxa4 29. f5 exf5 30. Bf6 Qb5 31. Rf2 a5 
32. Qxd5 Qe8 33. Qxc4 Bd7 34. Kg1 Be6 35. Qd4 Qb8 36. c4 Ne8 37. g5 Rd7 
38. Bd5 Nxf6 39. gxf6 Rfd8 40. Qe3 Rxd5 41. cxd5 Rxd5 42. Re2 Qc7 43. c4 Rd7 
44. Rc1 a4 45. h4 h5 46. Qa3 f4 47. Re4 Kg8 48. c5 bxc5 49. Qxa4 Qb6 50. Qc2 c4+ 
51. Qf2 Qc7 52. Qxf4 c3 53. Qf2 Bf5 54. e6 Bxe4 55. f7+ Kf8 56. exd7 Qxd7 
57. Rxc3 Qd1+ 58. Kh2 Bf5 59. Qc5+ Kxf7 60. Re3 Qd2+ 61. Kg3 Qd8 62. Qe5 Qd7 
63. Ra3 Qe7 64. Qxe7+ Kxe7 65. Ra6 Kf8 66. Rd6 Kg7 67. Ra6 Be4 68. Rd6 Kh7 
69. Ra6 Bb1 70. Kf4 Bd3 71. Ra3 Bf5 72. Ra1 Kg7 73. Ra7+ Kf6 74. Ra6+ Be6 
75. Ra1 Bh3 76. Rb1 Kf7 77. Rb7+ Ke6 78. Rb6+ Kf7 79. Rb5 Ke6 80. Rb6+ Kf7 
81. Kg5 Bf5 82. Rf6+ Kg7 83. Ra6 Kf7 84. Rf6+ Kg8 85. Rb6 Bd3 86. Rb7 Be4 
87. Rb3 Kh7 88. Rc3 Bb1 89. Rc7+ Kh8 90. Rc1 Bf5 91. Rc6 Bd3 92. Rd6 Bf5 
93. Rb6 Bc2 94. Rd6 Kg7 95. Rd7+ Kg8 96. Rc7 Bd3 97. Rc8+ Kf7 98. Rc3 Bf5 
99. Re3 Kg7 100. Rg3 Bb1 101. Rg1 Bf5 102. Re1 Kh7 103. Rf1 Kg7 104. Rc1 Kg8 
105. Rd1 Kf7 106. Rg1 Ke6 107. Kf4 Kd6 108. Ra1 Kc5 109. Ke5 Kc4 110. Kd6 Kc3 
1/2-1/2

[Event "Wednesday Apr 25 Engine Tour 9 rd Swiss 12m+1s Starts at 1600hrs"]
[Site "Infinity Chess"]
[Date "2018.4.25"]
[Round "2"]
[White "angriff"]
[Black "OlivierEvan"]
[Result "1-0 "]
[ECO "C55"]
[WhiteElo "2394"]
[BlackElo "2380"]
[WhiteEngine "DracoREX 3.07 64BIT POPCNT_CTG"]
[BlackEngine "Houdini 6"]
[EventType "Swiss"]
[WhiteTeam ""]
[BlackTeam ""]
[PlyCount "281"]
[TimeControl "720+1"]

1. e4 e5 2. Nf3 Nc6 3. Bc4 Nf6 4. d3 Bc5 5. O-O d6 6. c3 O-O 7. h3 a6 8. Re1 Ba7 
9. a4 h6 10. Nbd2 Nh5 11. Nf1 Qf6 12. N1h2 Qg6 13. g4 Be6 14. Bb3 Nf6 
15. Nh4 Qh7 16. N2f3 Rfe8 17. Bc2 g6 18. Qd2 h5 19. Ng5 Qh8 20. Nxe6 hxg4 
21. Qg5 Rxe6 22. Bb3 g3 23. Qxg3 Nh5 24. Qg2 Rf6 25. Rf1 Nf4 26. Bxf4 exf4 
27. Nf3 Ne5 28. Rad1 Kg7 29. d4 Nxf3+ 30. Qxf3 c6 31. Kh2 Qh6 32. Rg1 Rh8 
33. Bc2 Qh5 34. Rg4 c5 35. dxc5 Qxc5 36. Kg2 Rh5 37. h4 Qc4 38. Rd3 Bb6 
39. b3 Qe6 40. Rd1 Bd8 41. Rd5 Rxd5 42. exd5 Qe5 43. Be4 Qh5 44. Bd3 a5 
45. Kf1 Bb6 46. Be4 Kf8 47. Rg1 Qxf3 48. Bxf3 Rf5 49. h5 g5 50. Rh1 Kg8 
51. h6 Kh8 52. h7 Bc5 53. Rh6 b6 54. Be4 Re5 55. Bc2 Rxd5 56. Be4 Re5 
57. Bb1 Re8 58. Bf5 Ba3 59. Kg2 Kg7 60. Rh5 f6 61. Bg6 Rh8 62. Bb1 d5 
63. Rh1 Rd8 64. Kf3 Bb2 65. Re1 Bxc3 66. Re7+ Kh8 67. Kg4 f3 68. Bd3 Bb4 
69. Rb7 Bc5 70. Kxf3 Rf8 71. Kg4 Bxf2 72. Rd7 d4 73. Bf5 Rb8 74. Kh5 d3 
75. Rxd3 Bc5 76. Kg6 Re8 77. Rd7 Bf8 78. Kxf6 Bb4 79. Kxg5 Bc5 80. Kg6 Bb4 
81. Bg4 Bc5 82. Rd3 Rf8 83. Rd7 Re8 84. Rd3 Rf8 85. Bf5 Bb4 86. Rd7 Re8 
87. Ra7 Rf8 88. Bd3 Rd8 89. Bb1 Bc3 90. Be4 Bd4 91. Kf7 Bc5 92. Rb7 Rf8+ 
93. Kg6 Rd8 94. Bf5 Rd6+ 95. Kg5 Rd8 96. Rc7 Re8 97. Kg4 Bd6 98. Rf7 Rd8 
99. Rb7 Bc5 100. Kf3 Rf8 101. Kf4 Bd4 102. Kg5 Be3+ 103. Kg6 Bc5 104. Rc7 Bd6 
105. Rd7 Be5 106. Re7 Bd4 107. Ra7 Rf6+ 108. Kg5 Rf8 109. Rc7 Bc5 110. Kg4 Bd4 
111. Ra7 Rd8 112. Rb7 Bc5 113. Ra7 Bd4 114. Rc7 Rf8 115. Bg6 Bc5 116. Bb1 Be3 
117. Bd3 Rd8 118. Be4 Bd4 119. Kg5 Re8 120. Bd3 Rf8 121. Rd7 Be5 122. Rb7 Rd8 
123. Bf5 Bd4 124. Ra7 Rf8 125. Rb7 Be3+ 126. Kg6 Bc5 127. Rc7 Bd6 128. Rc6 Bc5 
129. b4 Bxb4 130. Rxb6 Be1 131. Rb7 Bc3 132. Rc7 Bd4 133. Rb7 Bc3 134. Rc7 Bd4 
135. Rc4 Bb6 136. Bc2 Bg1 137. Be4 Re8 138. Bf5 Bf2 139. Rf4 Be3 140. Rf3 Re7 
141. Kf6 1-0

[Event "Wednesday Apr 25 Engine Tour 9 rd Swiss 12m+1s Starts at 1600hrs"]
[Site "Infinity Chess"]
[Date "2018.4.25"]
[Round "2"]
[White "localhero"]
[Black "NINJA_JENGKA"]
[Result "1/2-1/2"]
[ECO "B32"]
[WhiteElo "2428"]
[BlackElo "2406"]
[WhiteEngine "asmFishW_2018-04-11_popcnt"]
[BlackEngine "Houdini 6_CTG"]
[EventType "Swiss"]
[WhiteTeam ""]
[BlackTeam ""]
[PlyCount "130"]
[TimeControl "720+1"]

1. e4 c5 2. Nf3 Nc6 3. d4 cxd4 4. Nxd4 e5 5. Nb5 d6 6. N1c3 a6 7. Na3 b5 
8. Nd5 Nf6 9. Bg5 Be7 10. Bxf6 Bxf6 11. c3 Rb8 12. Nc2 O-O 13. h4 g6 14. g3 Bg7 
15. h5 Ne7 16. Nce3 Nxd5 17. Nxd5 Be6 18. Qd3 Qd7 19. O-O-O Rfc8 20. hxg6 hxg6 
21. Qf3 Qd8 22. Rd2 Rc5 23. Qd1 b4 24. c4 Bxd5 25. Rxd5 Rxd5 26. Qxd5 a5 
27. Kd1 b3 28. a3 Rc8 29. Bd3 a4 30. Ke2 Qg5 31. Qb7 Rd8 32. Rd1 Qh5+ 
33. Ke1 Bf6 34. Qc6 Kg7 35. Qxa4 Rb8 36. Bf1 Qh1 37. c5 dxc5 38. Qc4 Rd8 
39. Rd5 Bg5 40. Ke2 Rxd5 41. Qxd5 Bd8 42. Qd3 c4 43. Qxc4 Bb6 44. Qd3 Bd4 
45. Qf3 Qxf3+ 46. Kxf3 Bxb2 47. Bc4 Bxa3 48. Bxb3 Bc5 49. g4 f6 50. Be6 Kh6 
51. Bc4 Kg5 52. Bd5 Kh4 53. Bc4 g5 54. Bd5 Kh3 55. Be6 Kh2 56. Ba2 Kh3 
57. Bb1 Be7 58. Bc2 Ba3 59. Bb1 Bc5 60. Ba2 Bd4 61. Bb1 Bc5 62. Bc2 Ba3 
63. Bb3 Kh4 64. Ba2 Bc5 65. Bb1 Kh3 1/2-1/2

[Event "Wednesday Apr 25 Engine Tour 9 rd Swiss 12m+1s Starts at 1600hrs"]
[Site "Infinity Chess"]
[Date "2018.4.25"]
[Round "2"]
[White "hafaba"]
[Black "Vimtiroba"]
[Result "1/2-1/2"]
[ECO "C77"]
[WhiteElo "2436"]
[BlackElo "2414"]
[WhiteEngine "Eman 1.70-beta21 64-bit POPCNT_CTG"]
[BlackEngine "AsmFish A24_CTG"]
[EventType "Swiss"]
[WhiteTeam ""]
[BlackTeam ""]
[PlyCount "84"]
[TimeControl "720+1"]

1. e4 e5 2. Nf3 Nc6 3. Bb5 a6 4. Ba4 Nf6 5. O-O Be7 6. Re1 b5 7. Bb3 O-O 
8. c3 d5 9. exd5 Nxd5 10. Nxe5 Nxe5 11. Rxe5 c6 12. d4 Bd6 13. Re1 Qh4 
14. g3 Qh3 15. Be3 Bg4 16. Qd3 Rae8 17. Nd2 Re6 18. a4 Qh5 19. axb5 axb5 
20. Nf1 Bf5 21. Qd2 Bh3 22. Bd1 Qg6 23. Bf3 Qf5 24. Qd1 h5 25. Ra6 Bc7 
26. Bh1 Rfe8 27. Qb1 Qg4 28. Bxd5 cxd5 29. Rxe6 fxe6 30. Qd1 Qg6 31. Qe2 h4 
32. Qxb5 Rf8 33. Qe2 hxg3 34. hxg3 Bg4 35. Qa6 Bh3 36. Bd2 Bxf1 37. Rxf1 Bxg3 
38. fxg3 Qxg3+ 39. Kh1 Qh3+ 40. Kg1 Qg3+ 41. Kh1 Qh4+ 42. Kg1 Qg3+ 1/2-1/2

[Event "Wednesday Apr 25 Engine Tour 9 rd Swiss 12m+1s Starts at 1600hrs"]
[Site "Infinity Chess"]
[Date "2018.4.25"]
[Round "2"]
[White "CrapCleaner"]
[Black "ocirema"]
[Result "1/2-1/2"]
[ECO "C77"]
[WhiteElo "2439"]
[BlackElo "2441"]
[WhiteEngine "Houdini 6.03 Standard_CTG"]
[BlackEngine "asmFishW_2018-04-24_popcnt"]
[EventType "Swiss"]
[WhiteTeam ""]
[BlackTeam ""]
[PlyCount "98"]
[TimeControl "720+1"]

1. e4 e5 2. Nf3 Nc6 3. Bb5 a6 4. Ba4 Nf6 5. O-O Be7 6. Re1 b5 7. Bb3 O-O 
8. a4 b4 9. d3 d6 10. a5 Be6 11. Bxe6 fxe6 12. Nbd2 h6 13. h3 Qe8 14. c3 Nh5 
15. Nc4 Rb8 16. d4 Rb5 17. dxe5 dxe5 18. Be3 Bc5 19. Kh2 Nf4 20. g3 Nd3 
21. Qxd3 Rxf3 22. Nd2 Rf8 23. Bxc5 Rxc5 24. Nb3 Rb5 25. Kg2 Qf7 26. Rf1 Rd8 
27. Qc4 bxc3 28. bxc3 Rd6 29. Nc5 Nxa5 30. Rxa5 Rxa5 31. Nb7 Rb5 32. Nxd6 cxd6 
33. Qc8+ Kh7 34. Qxa6 Qb7 35. Qxb7 Rxb7 36. Ra1 Rb6 37. Ra7 Kg6 38. g4 Rc6 
39. Rd7 Kf6 40. h4 d5 41. exd5 exd5 42. Rxd5 Rxc3 43. Rd6+ Ke7 44. Rg6 Kf7 
45. Rb6 Rc4 46. Rb7+ Kf6 47. Rb6+ Kf7 48. Rb7+ Kf6 49. Rb6+ Kf7 1/2-1/2

[Event "Wednesday Apr 25 Engine Tour 9 rd Swiss 12m+1s Starts at 1600hrs"]
[Site "Infinity Chess"]
[Date "2018.4.25"]
[Round "2"]
[White "Seliga"]
[Black "MarioDeMonti"]
[Result "1/2-1/2"]
[ECO "C50"]
[WhiteElo "2462"]
[BlackElo "2447"]
[WhiteEngine "AsmFish A10_CTG"]
[BlackEngine "stockfish_x64_bmi2_2018_02_18_CTG"]
[EventType "Swiss"]
[WhiteTeam ""]
[BlackTeam ""]
[PlyCount "221"]
[TimeControl "720+1"]

1. e4 e5 2. Nf3 Nc6 3. Bc4 Bc5 4. d3 Nf6 5. c3 d6 6. O-O a5 7. Re1 h6 
8. Nbd2 O-O 9. h3 Be6 10. Bb5 Qb8 11. Re2 Qa7 12. Nf1 a4 13. Ng3 Qa5 
14. Bxc6 bxc6 15. Nh4 Rfe8 16. Re1 d5 17. exd5 Nxd5 18. Rxe5 Bd6 19. Re2 a3 
20. c4 Bxg3 21. fxg3 axb2 22. Bxb2 Nc3 23. Bxc3 Qxc3 24. Kh2 Ra3 25. Rd2 Bd7 
26. Rb1 c5 27. Rbb2 Qd4 28. Qf1 Qe3 29. Nf5 Qg5 30. Rf2 Rea8 31. h4 Qf6 
32. Rbd2 Be6 33. Nd6 Qe7 34. Nb5 R3a5 35. d4 cxd4 36. Nxd4 Ra3 37. Qe2 c5 
38. Nb5 R3a6 39. Qe5 Rc8 40. Rf3 Rca8 41. a3 Rc6 42. Rfd3 Qf6 43. Qe4 Rcc8 
44. Rf3 Qg6 45. Qe5 Bg4 46. Rf4 Re8 47. Qd5 Rab8 48. Qxc5 Re1 49. Qb4 Rb1 
50. Rb2 Rd1 51. a4 Re8 52. Nc3 Rd3 53. c5 Bd7 54. Ne2 Rde3 55. Qc4 Bc6 
56. Rd2 R8e6 57. a5 Qb1 58. Qc1 Qxc1 59. Nxc1 Rc3 60. Nd3 Ra3 61. Nb4 Rxa5 
62. Rc4 Ra8 63. g4 Kf8 64. Rc3 Rc8 65. Kg3 Re4 66. Nxc6 Rxc6 67. Rd7 Re5 
68. Rf3 Re7 69. Rd8+ Re8 70. Rd7 Re7 71. Rd8+ Re8 72. Rd5 Re4 73. Rb3 g6 
74. Rc3 Ke7 75. Kf3 Re1 76. Kg3 Re4 77. Kf3 Re1 78. h5 Ke6 79. Rcd3 Re5 
80. Rd6+ Rxd6 81. Rxd6+ Ke7 82. hxg6 fxg6 83. Rxg6 Rxc5 84. Rxh6 Rc4 85. Rb6 Kf7 
86. g3 Rc1 87. Kg2 Rc2+ 88. Kf3 Rc1 89. g5 Kg7 90. Rb4 Kf7 91. Kf4 Kg6 
92. Rb6+ Kg7 93. Re6 Rf1+ 94. Kg4 Rh1 95. Rd6 Rg1 96. Rd7+ Kg6 97. Rd8 Rg2 
98. Rc8 Rg1 99. Rc4 Ra1 100. Re4 Kg7 101. Rd4 Rg1 102. Rd7+ Kg6 103. Rd6+ Kg7 
104. Rd5 Kf7 105. Kh5 Rh1+ 106. Kg4 Rg1 107. Rd4 Kg6 108. Rf4 Rb1 109. Rc4 Ra1 
110. Rc6+ Kg7 111. g6 1/2-1/2

[Event "Wednesday Apr 25 Engine Tour 9 rd Swiss 12m+1s Starts at 1600hrs"]
[Site "Infinity Chess"]
[Date "2018.4.25"]
[Round "2"]
[White "Time_bandit"]
[Black "SkyPilot"]
[Result "1/2-1/2"]
[ECO "C77"]
[WhiteElo "2467"]
[BlackElo "2469"]
[WhiteEngine "asmFishW_2018-04-11_bmi2"]
[BlackEngine "stockfish_x64_bmi2_2018_04_07_CTG"]
[EventType "Swiss"]
[WhiteTeam ""]
[BlackTeam ""]
[PlyCount "236"]
[TimeControl "720+1"]

1. e4 e5 2. Nf3 Nc6 3. Bb5 a6 4. Ba4 Nf6 5. O-O Be7 6. Re1 b5 7. Bb3 O-O 
8. c3 d5 9. exd5 Nxd5 10. Nxe5 Nxe5 11. Rxe5 c6 12. d4 Bd6 13. Re1 Qh4 
14. g3 Qh3 15. Be3 Bg4 16. Qd3 Rae8 17. Nd2 Re6 18. a4 Qh5 19. axb5 axb5 
20. Nf1 Bf5 21. Qd2 Bh3 22. Bd1 Qg6 23. Bf3 Qf5 24. Qd1 h5 25. Ra6 Bc7 
26. Bh1 Rfe8 27. Qf3 Qg6 28. Rxc6 Rxc6 29. Qxd5 Rb6 30. Bf3 h4 31. Bh5 Qe6 
32. Qxe6 Bxe6 33. Ra1 Bd5 34. Be2 hxg3 35. hxg3 Ra8 36. Rxa8+ Bxa8 37. Nd2 Rb8 
38. Bd3 Bc6 39. Kf1 Kf8 40. Ke1 Bb6 41. Kd1 Ke7 42. Kc2 g6 43. Bf4 Ra8 
44. Nf1 b4 45. Nd2 bxc3 46. bxc3 Rc8 47. Nc4 Bd8 48. g4 Ba4+ 49. Kb2 Bc7 
50. Bxc7 Rxc7 51. Ne3 Rb7+ 52. Kc1 Kf6 53. c4 Kg5 54. Bc2 Bd7 55. d5 Rb8 
56. c5 Rc8 57. c6 Bxc6 58. dxc6 Rxc6 59. Kd2 Kf4 60. Ke2 Re6 61. Bb3 Re7 
62. Kf1 Rb7 63. Bd1 Ra7 64. Kg2 Ra1 65. Be2 Ra3 66. Bf1 Ke4 67. Bc4 f5 
68. gxf5 gxf5 69. Nc2 Rc3 70. Ba2 Kf4 71. Ne1 Rc7 72. Nd3+ Ke4 73. Bb1 Rg7+ 
74. Kf1 Kf3 75. Ne1+ Kg4 76. Bc2 Ra7 77. Bd1+ Kh4 78. Nd3 Ra3 79. Nf4 Ra1 
80. Ke1 Ra7 81. Kd2 Ra1 82. Be2 Ra4 83. Ke3 Ra3+ 84. Kd2 Kg5 85. Ng2 Ra2+ 
86. Ke1 Ra4 87. Bd1 Rd4 88. Bc2 Rd7 89. Ke2 Re7+ 90. Kf3 Rc7 91. Ne1 Rc3+ 
92. Ke2 Rc7 93. Kf3 Rc3+ 94. Ke2 Ra3 95. Ng2 Ra2 96. Kd2 Kh5 97. Ne3 Kg5 
98. Ng2 Kg4 99. Ne1 Kf4 100. Ke2 Ra5 101. Ng2+ Kg5 102. Ne1 Ra2 103. Nf3+ Kg4 
104. Ne1 Ra1 105. Nf3 Ra2 106. Ne1 Kf4 107. Ng2+ Kg5 108. Ne1 Kf4 109. Kf1 Ra1 
110. Bb3 Kg4 111. Ke2 Ra7 112. Nd3 Ra3 113. Bd1 Ra7 114. Kf1+ Kg5 115. Kg2 Kh4 
116. Ne5 Kg5 117. Kg3 Ra3+ 118. Kg2 Kf4 1/2-1/2

[Event "Wednesday Apr 25 Engine Tour 9 rd Swiss 12m+1s Starts at 1600hrs"]
[Site "Infinity Chess"]
[Date "2018.4.25"]
[Round "2"]
[White "Murx"]
[Black "star99"]
[Result "1-0"]
[ECO "B32"]
[WhiteElo "2520"]
[BlackElo "2488"]
[WhiteEngine "asmFishW_2018-04-07_popcnt"]
[BlackEngine "Cryptic Heroes 9.4B"]
[EventType "Swiss"]
[WhiteTeam ""]
[BlackTeam ""]
[PlyCount "183"]
[TimeControl "720+1"]

1. e4 c5 2. Nf3 Nc6 3. d4 cxd4 4. Nxd4 e5 5. Nb5 d6 6. N1c3 a6 7. Na3 b5 
8. Nd5 Nf6 9. Bg5 Be7 10. Bxf6 Bxf6 11. c3 O-O 12. Nc2 Be6 13. a4 bxa4 
14. Rxa4 a5 15. Bc4 Bg5 16. O-O Ne7 17. Nxe7+ Qxe7 18. Bxe6 Qxe6 19. Na3 Rfc8 
20. c4 Bd8 21. b3 Bb6 22. Nb5 Bc5 23. Qc2 Qd7 24. Rfa1 Rab8 25. Nc3 Qb7 
26. Rb1 Ra8 27. h3 Rcb8 28. Nd5 Ra7 29. Ra2 Bd4 30. Kh2 Bc5 31. Qd2 Rba8 
32. Qc2 Rb8 33. Qc3 Bb4 34. Qa1 Kh8 35. Rd1 Bc5 36. Rd3 Bd4 37. Qd1 Bc5 
38. Rad2 Ra6 39. Rg3 Qc8 40. f4 Rba8 41. f5 f6 42. Ra2 R6a7 43. Rd3 Bd4 
44. Ra4 Rb8 45. Qd2 Qd8 46. h4 Qe8 47. g4 Bc5 48. Ra2 Bd4 49. Qd1 Qc8 
50. Ra4 Bf2 51. Rh3 Bb6 52. g5 Qc5 53. Ra2 Rf8 54. Rg2 Bd8 55. g6 h6 56. Qg1 Re8 
57. Qxc5 dxc5 58. Rd3 Rb7 59. h5 Be7 60. Ra2 Bd8 61. Kg3 Rg8 62. Kf3 Rd7 
63. Ke2 Re8 64. Nf4 Rxd3 65. Nxd3 Bb6 66. Nb2 Kg8 67. Na4 Ba7 68. Nc3 Bb6 
69. Rd2 Bd8 70. Rd7 Be7 71. Na4 Bf8 72. Rc7 Ra8 73. Nxc5 Bd6 74. Rc6 Bxc5 
75. Rxc5 Kf8 76. Rc7 Rd8 77. c5 Rd4 78. c6 Rxe4+ 79. Kd3 Rd4+ 80. Ke3 Rd5 
81. Rf7+ Ke8 82. c7 Rc5 83. Ke4 a4 84. bxa4 Rc1 85. Kd5 e4 86. Kd6 Rd1+ 
87. Ke6 Rc1 88. Re7+ Kf8 89. Rd7 Rc6+ 90. Rd6 e3 91. Rxc6 e2 92. c8=R# 1-0

[Event "Wednesday Apr 25 Engine Tour 9 rd Swiss 12m+1s Starts at 1600hrs"]
[Site "Infinity Chess"]
[Date "2018.4.25"]
[Round "2"]
[White "THE_MACHINE"]
[Black "Marsell"]
[Result "1/2-1/2"]
[ECO "C55"]
[WhiteElo "2541"]
[BlackElo "2470"]
[WhiteEngine "BrainFish_180423_x64_bmi2"]
[BlackEngine "BrainFish_180418_x64_bmi2"]
[EventType "Swiss"]
[WhiteTeam ""]
[BlackTeam ""]
[PlyCount "115"]
[TimeControl "720+1"]

1. e4 e5 2. Nf3 Nc6 3. Bc4 Nf6 4. d3 Bc5 5. c3 d6 6. O-O O-O 7. h3 a6 8. Re1 Ba7 
9. a4 h6 10. Nbd2 Nh5 11. d4 Nf6 12. dxe5 Nxe5 13. Nxe5 dxe5 14. Qe2 Qe7 
15. Nf1 Be6 16. Be3 Bxe3 17. Nxe3 Nxe4 18. Nd5 Bxd5 19. Bxd5 Nd6 20. Qxe5 Qxe5 
21. Rxe5 a5 22. Rae1 c6 23. Bb3 Rfd8 24. g4 Kf8 25. h4 Re8 26. f3 Rxe5 
27. Rxe5 Re8 28. Rxe8+ Kxe8 29. Kg2 f5 30. g5 f4 31. Kh3 h5 32. Bc2 Kf7 
33. b4 b6 34. Kg2 c5 35. bxa5 bxa5 36. Bd3 c4 37. Be4 Ke6 38. Bg6 Nf5 
39. Bxf5+ Kxf5 40. Kf2 g6 41. Ke2 Ke5 42. Kf1 Ke6 43. Kf2 Kd5 44. Ke1 Ke6 
45. Kf2 Kd5 46. Ke1 Ke6 47. Kd2 Kd5 48. Kc1 Kd6 49. Kd1 Kc5 50. Kc2 Kd5 
51. Kb1 Ke5 52. Kc2 Ke6 53. Kd2 Kd5 54. Kc1 Kc6 55. Kb1 Kd7 56. Kb2 Kc6 
57. Kb1 Kd5 58. Kc1 1/2-1/2

[Event "Wednesday Apr 25 Engine Tour 9 rd Swiss 12m+1s Starts at 1600hrs"]
[Site "Infinity Chess"]
[Date "2018.4.25"]
[Round "1"]
[White "nightcrawler"]
[Black "Thinker"]
[Result "1-0 "]
[ECO "E10"]
[WhiteElo "2400"]
[BlackElo "2480"]
[WhiteEngine "Cryptic Heroes 9.4B"]
[BlackEngine "BrainFish_180418_x64_modern_CTG"]
[EventType "Swiss"]
[WhiteTeam ""]
[BlackTeam ""]
[PlyCount "215"]
[TimeControl "720+1"]

1. d4 Nf6 2. c4 e6 3. Nf3 d5 4. e3 c6 5. b3 c5 6. Bb2 cxd4 7. exd4 Bb4+ 
8. Nbd2 b6 9. a3 Be7 10. Bd3 O-O 11. Qe2 Nbd7 12. O-O Bb7 13. Rac1 dxc4 
14. bxc4 h6 15. Bb1 Qc7 16. Rfe1 Rfe8 17. Rc3 Rad8 18. Re3 Nh5 19. Qd3 Nf8 
20. Qc2 Bf6 21. g3 g6 22. Qc1 Bg7 23. a4 Nf6 24. Bd3 N8d7 25. Qa1 a5 
26. R3e2 Qd6 27. h3 Qc7 28. Re3 Rc8 29. Kh2 Qd6 30. Nh4 g5 31. Nhf3 Qb4 
32. R1e2 Ba6 33. Bc3 Qf8 34. Qb1 Qe7 35. Ne5 Nxe5 36. dxe5 Nd7 37. f4 Nc5 
38. Bc2 Bb7 39. fxg5 Bc6 40. Bh7+ Kh8 41. Ne4 Nxe4 42. Bxe4 Bxa4 43. gxh6 Bxh6 
44. Rf3 Rxc4 45. Qf1 Bg7 46. Rxf7 Rf8 47. Ref2 Rxf7 48. Rxf7 Qc5 49. Rxg7 Kxg7 
50. Qf6+ Kg8 51. Bg6 Qc7 52. Qxe6+ Kg7 53. Qf6+ Kg8 54. Qe6+ Kg7 55. Qf6+ Kg8 
56. Bd2 Rc2 57. Bxc2 Qxc2 58. Qd8+ Kf7 59. g4 Qa2 60. Qf6+ Ke8 61. Qg6+ Ke7 
62. Qg5+ Kd7 63. Kg3 Bc6 64. Be3 Qb3 65. Qh6 Bd5 66. Qd6+ Ke8 67. Kf4 Be6 
68. Bxb6 Kf7 69. Kg5 Qc2 70. Bc5 Qg6+ 71. Kf4 Kg8 72. Qd8+ Kh7 73. Qxa5 Qc2 
74. Kg5 Qc1+ 75. Kh4 Kh6 76. Bf2 Kg6 77. Qd8 Qf4 78. Bd4 Qh6+ 79. Kg3 Qg7 
80. Qd6 Qg8 81. h4 Kf7 82. Qc7+ Ke8 83. Qc6+ Kf7 84. Qb7+ Ke8 85. Qb8+ Kd7 
86. Qb7+ Ke8 87. Qa8+ Ke7 88. Bc5+ Kd7 89. Qb7+ Kd8 90. Bb6+ Ke8 91. Qb8+ Kd7 
92. Qc7+ Ke8 93. g5 Bf5 94. Qd8+ Kf7 95. Qxg8+ Kxg8 96. h5 Kg7 97. g6 Kh6 
98. Kh4 Bxg6 99. hxg6 Kxg6 100. Kg4 Kf7 101. Kf5 Ke7 102. e6 Kd6 103. Bd8 Kc6 
104. Ke5 Kb5 105. e7 Ka4 106. e8=Q+ Kb3 107. Ba5 Kb2 108. Qa4 1-0

[Event "Wednesday Apr 25 Engine Tour 9 rd Swiss 12m+1s Starts at 1600hrs"]
[Site "Infinity Chess"]
[Date "2018.4.25"]
[Round "1"]
[White "star99"]
[Black "medusachess"]
[Result "1/2-1/2"]
[ECO "A50"]
[WhiteElo "2492"]
[BlackElo "2400"]
[WhiteEngine "Cryptic Heroes 9.4B"]
[BlackEngine "Cryptic Heroes 9.4B"]
[EventType "Swiss"]
[WhiteTeam ""]
[BlackTeam ""]
[PlyCount "74"]
[TimeControl "720+1"]

1. d4 Nf6 2. c4 c6 3. Nc3 d5 4. Nf3 e6 5. Bg5 h6 6. Bh4 dxc4 7. Bxf6 gxf6 
8. g3 b5 9. Bg2 Nd7 10. O-O Bb7 11. e4 Nb6 12. Qc2 Qc7 13. a4 a6 14. d5 Bc5 
15. dxe6 fxe6 16. Rfd1 Rd8 17. a5 Nd7 18. e5 f5 19. b3 Nxe5 20. Nxe5 Qxe5 
21. bxc4 b4 22. Na4 Bd4 23. Rab1 Qxa5 24. c5 O-O 25. Qc4 Qxa4 26. Rxd4 Rxd4 
27. Qxe6+ Rf7 28. Qe8+ Rf8 29. Qe6+ Kh7 30. Qe7+ Kg6 31. Qxf8 Rd1+ 
32. Rxd1 Qxd1+ 33. Bf1 a5 34. Qe8+ Kf6 35. Qf8+ Kg6 36. Qg8+ Kf6 37. Qf8+ Kg6 
1/2-1/2

[Event "Wednesday Apr 25 Engine Tour 9 rd Swiss 12m+1s Starts at 1600hrs"]
[Site "Infinity Chess"]
[Date "2018.4.25"]
[Round "1"]
[White "turbochess"]
[Black "Murx"]
[Result "1/2-1/2"]
[ECO "B12"]
[WhiteElo "2400"]
[BlackElo "2525"]
[WhiteEngine "Cryptic Heroes 9.4B"]
[BlackEngine "asmFishW_2018-04-07_popcnt"]
[EventType "Swiss"]
[WhiteTeam ""]
[BlackTeam ""]
[PlyCount "121"]
[TimeControl "720+1"]

1. e4 c6 2. d4 Qc7 3. Nf3 d6 4. c4 Nf6 5. Nc3 e5 6. Be2 Be7 7. O-O O-O 
8. Be3 Re8 9. d5 Nbd7 10. h3 Nf8 11. Nd2 Ng6 12. Re1 h6 13. a4 a5 14. b3 Bd7 
15. Nf1 Nf4 16. Ng3 Nh7 17. Bg4 Bxg4 18. Qxg4 Bg5 19. Rad1 g6 20. Nf1 Qe7 
21. Rd2 Kg7 22. Qf3 Nh5 23. Red1 Red8 24. Qe2 Rab8 25. Bxg5 hxg5 26. Qg4 N5f6 
27. Qe2 Nh5 28. Ne3 N7f6 29. Qf3 Rh8 30. g3 Qd7 31. Qg2 g4 32. h4 Qc7 
33. c5 dxc5 34. Qf1 Qe7 35. Qc4 b5 36. axb5 cxb5 37. Nxb5 Qb7 38. Nc3 Qxb3 
39. Rc2 Qxc4 40. Nxc4 Nd7 41. Nxa5 Rb6 42. Nc4 Rb4 43. Nb1 Nhf6 44. Nbd2 Ra8 
45. Re1 Raa4 46. Kg2 Nb6 47. Nd6 Nbd7 48. N6c4 Nb6 49. Nd6 Nbd7 50. f3 gxf3+ 
51. Kxf3 Kf8 52. N2c4 Ne8 53. Rc3 Nxd6 54. Nxd6 Ke7 55. Nc8+ Kf8 56. Nd6 c4 
57. Kg4 Ke7 58. Nc8+ Kf8 59. Nd6 Ke7 60. Nc8+ Kf8 61. Nd6 1/2-1/2